Eagles vs Heat
(R4)
Created - May 16, 2021 at 20:40
Goals
|
Eagles |
1 |
2 |
0 |
3 |
Heat |
2 |
0 |
2 |
4 |
|
Shots
|
Eagles |
11 |
16 |
9 |
36 |
Heat |
8 |
11 |
10 |
29 |
|
1st period
1. Heat , Tanner Pearson 1 (Esa Lindell 2, Philip Varone 1) at 0:33 (PP)
2. Heat , Esa Lindell 1 (Victor Rask 2, Michael Hutchinson) at 9:14 (PP)
3. Eagles , Vincent Trocheck 1 (Daniel Carr 1) at 10:08 (PP)
Penalties :
Nick Cousins (Col) for Interference (Minor) at 0:30, Jake DeBrusk (Sto) for Hooking (Minor) at 2:58, Anthony Duclair (Col) for Holding (Minor) at 7:16, Chris Brown (Sto) for Interference (Minor) at 10:03, Jonathan Marchessault (Col) for Hooking (Minor) at 10:49, Bryan Rust (Sto) for High sticking (Minor) at 19:33
2nd period
4. Eagles , Vincent Trocheck 2 (Mark Mancari 1, Daniel Carr 2) at 9:08
5. Eagles , Joseph Blandisi 1 (Ryan Murphy 1, Nick Cousins 1) at 17:08
Penalties :
Bryan Rust (Sto) for Goalie Interference (Minor) at 6:09, Tanner Pearson (Sto) for Interference (Minor) at 14:39, Daniel Carr (Col) for Hooking (Minor) at 19:39
3rd period
6. Heat , Matthew Nieto 1 (Victor Rask 3) at 2:16
7. Heat , Peter Cehlarik 1 (Esa Lindell 3, Bryan Rust 1) at 13:07
Penalties :
Colby Cohen (Sto) for Hooking (Minor) at 9:07, Peter Cehlarik (Sto) for Hooking (Minor) at 14:55
Goalie Stats
Marek Mazanek (Col), 25 saves from 29 shots - (0.862), L, 0-2-0, 59:03 minutes
Michael Hutchinson (Sto), 33 saves from 36 shots - (0.917), W, 2-0-0, 60:00 minutes
Players Stats for Eagles
Player Name G A P +/- PIM S H SB GA TA FO MP PP MP PK MP
------------------------------------------------------------------------------------
Anthony Duclair 0 0 0 0 2 2 0 0 1 0 1/2 9:36 0:00 0:07
Connor Carrick 0 0 0 1 0 1 0 0 0 0 0/0 9:48 0:00 0:00
Daniel Carr 0 2 2 0 2 4 1 0 1 0 0/1 22:53 6:42 1:59
Dmitrij Jaskin 0 0 0 0 0 2 2 0 1 1 0/0 9:30 0:00 0:00
Drake Caggiula 0 0 0 0 0 0 2 0 0 0 3/7 10:55 0:00 1:25
Jared McCann 0 0 0 -1 0 1 1 0 0 0 0/0 8:15 0:00 0:00
Jarred Tinordi 0 0 0 -1 0 4 1 3 0 0 0/0 24:44 5:43 3:42
Joel Edmundson 0 0 0 -1 0 1 2 1 0 0 0/0 25:50 6:16 3:42
John Ramage 0 0 0 0 0 0 0 1 0 2 0/0 14:25 0:00 2:17
Jonathan Marchessault 0 0 0 1 2 1 1 0 1 0 5/8 17:48 5:17 2:15
Jonathan Racine 0 0 0 0 0 0 1 0 0 0 0/0 3:31 0:00 0:00
Joseph Blandisi 1 0 1 1 0 4 3 1 0 0 3/3 16:59 5:17 1:38
Mark Mancari 0 1 1 0 0 1 2 1 0 0 1/2 21:51 6:42 1:09
Nick Cousins 0 1 1 1 2 3 1 0 0 0 0/0 14:55 5:17 0:00
Ryan Murphy 0 1 1 0 0 2 2 0 2 2 0/0 20:51 5:43 2:17
Thomas Chabot 0 0 0 1 0 3 0 2 0 0 0/0 17:20 6:16 0:00
Tyler Motte 0 0 0 -1 0 0 1 0 0 0 0/0 8:15 0:00 0:00
Vincent Trocheck 2 0 2 0 0 6 1 0 1 1 17/36 24:45 6:42 3:25
Xavier Ouellet 0 0 0 0 0 0 0 0 0 0 0/0 3:31 0:00 0:00
Zach Aston-Reese 0 0 0 -1 0 1 1 0 1 0 0/2 8:15 0:00 0:00
Players Stats for Heat
Player Name G A P +/- PIM S H SB GA TA FO MP PP MP PK MP
------------------------------------------------------------------------------------
Barclay Goodrow 0 0 0 1 0 0 2 0 0 0 0/0 6:35 0:00 0:00
Bryan Rust 0 1 1 -1 4 2 2 0 0 0 1/1 21:37 3:15 4:26
Chris Brown 0 0 0 1 2 2 2 0 0 0 4/6 8:22 0:00 1:27
Colby Cohen 0 0 0 0 2 0 2 0 0 1 0/0 12:54 0:00 0:00
David Savard 0 0 0 1 0 3 2 4 0 3 0/0 28:22 5:17 7:04
Esa Lindell 1 2 3 1 0 2 0 3 1 0 0/0 28:22 5:17 7:04
Evgeny Svechnikov 0 0 0 0 0 0 0 0 0 0 0/0 8:00 0:00 0:00
Greg Pateryn 0 0 0 -1 0 1 4 0 0 1 0/0 18:54 0:42 4:55
Jake DeBrusk 0 0 0 0 2 1 1 0 0 0 0/0 12:22 0:00 4:01
Kevin Labanc 0 0 0 0 0 3 1 0 0 0 1/1 15:17 2:44 0:00
Mathieu Brodeur 0 0 0 -1 0 1 1 0 0 1 0/0 18:54 0:42 4:55
Matthew Nieto 1 0 1 0 0 2 0 0 1 0 0/0 17:19 2:44 1:41
Peter Cehlarik 1 0 1 1 2 2 0 0 0 0 0/0 6:58 0:00 0:00
Philip Varone 0 1 1 -1 0 2 1 0 0 0 16/37 24:03 3:15 6:52
Rasmus Andersson 0 0 0 0 0 0 0 0 0 1 0/0 12:44 0:00 0:00
Ryan Spooner 0 0 0 0 0 5 2 1 0 1 2/3 11:11 0:00 3:09
Tanner Pearson 1 0 1 -1 2 3 1 0 3 0 0/2 20:08 3:15 2:22
Tyler Shattock 0 0 0 0 0 0 0 0 0 0 0/0 0:35 0:00 0:00
Victor Rask 0 2 2 0 0 0 1 0 1 0 7/11 15:17 2:44 0:00
3 Stars
1 - Esa Lindell (Sto)
2 - Vincent Trocheck (Col)
3 - Joseph Blandisi (Col)
Power Play
Eagles - 1 on 7 Attempt(s) - 14.29%
Heat - 2 on 4 Attempt(s) - 50.00%
Penalty Kill
Eagles - 2 on 4 Attempt(s) - 50.00%
- Score 0 goal in Penalty Kill
Heat - 6 on 7 Attempt(s) - 85.71%
- Score 0 goal in Penalty Kill
Team Stat
Eagles - Hits : 22 - Faceoff Wins : 30 - Blocked Shots : 9 - Penalty Minutes : 8
Heat - Hits : 22 - Faceoff Wins : 31 - Blocked Shots : 8 - Penalty Minutes : 14
Official
Referees : Unknown
Linesman : Unknown
Game Notes
No Game Note
Finance
Level 1 -- Attendance: 1474 (73.70%) -- Ticket Income $58,960
Level 2 -- Attendance: 830 (83.00%) -- Ticket Income $16,600
Total Attendance: 2304 (76.80%)
Total Ticket Income: $75,560
Other Income: $3,778
Total Income: $79,338
Eagles
5 vs 5 Forward
Center Left Wing Right Wing Time % Phy DF OF
1 Vincent Trocheck Daniel Carr Mark Mancari 40 1 2 2
2 Jonathan Marchessault Joseph Blandisi Nick Cousins 30 1 2 2
3 Drake Caggiula Anthony Duclair Dmitrij Jaskin 20 1 2 2
4 Zach Aston-Reese Jared McCann Tyler Motte 10 1 2 2
5 vs 5 Defense
Defense Defense Time % Phy DF OF
1 Jarred Tinordi Joel Edmundson 35 1 2 2
2 John Ramage Ryan Murphy 30 1 2 2
3 Connor Carrick Thomas Chabot 25 1 2 2
4 Jonathan Racine Xavier Ouellet 10 1 2 2
PowerPlay Forward
Center Left Wing Right Wing Time % Phy DF OF
1 Vincent Trocheck Daniel Carr Mark Mancari 60 1 2 2
2 Jonathan Marchessault Joseph Blandisi Nick Cousins 40 1 2 2
PowerPlay Defense
Defense Defense Time % Phy DF OF
1 Thomas Chabot Joel Edmundson 60 1 2 2
2 Jarred Tinordi Ryan Murphy 40 1 2 2
Penalty Kill 4 Players Forward
Center Wing Time % Phy DF OF
1 Vincent Trocheck Jonathan Marchessault 60 1 2 2
2 Mark Mancari Daniel Carr 40 1 2 2
Penalty Kill 4 Players Defense
Defense Defense Time % Phy DF OF
1 Jarred Tinordi Joel Edmundson 60 1 2 2
2 John Ramage Ryan Murphy 40 1 2 2
Penalty Kill - 3 Players Forward
Forward Time % Phy DF OF
1 Vincent Trocheck 60 1 2 2
2 Jonathan Marchessault 40 1 2 2
Penalty Kill - 3 Players Defense
Defense Defense Time % Phy DF OF
1 Jarred Tinordi Joel Edmundson 60 1 2 2
2 John Ramage Ryan Murphy 40 1 2 2
4 vs 4 Forward
Center Wing Time % Phy DF OF
1 Vincent Trocheck Jonathan Marchessault 60 1 2 2
2 Mark Mancari Daniel Carr 40 1 2 2
4 vs 4 Defense
Defense Defense Time % Phy DF OF
1 Jarred Tinordi Joel Edmundson 60 1 2 2
2 John Ramage Ryan Murphy 40 1 2 2
Last Minutes Offensive
Center Left Wing Right Wing Defense Defense
Vincent Trocheck Daniel Carr Mark Mancari Jarred Tinordi Joel Edmundson
Last Minutes Defensive
Center Left Wing Right Wing Defense Defense
Vincent Trocheck Daniel Carr Mark Mancari Jarred Tinordi Joel Edmundson
Goaltenders
Starting : Marek Mazanek
Backup : Darcy Kuemper
Extra Forwards
Normal : Jared McCann, Tyler Motte, Jonathan Marchessault - PP : Jared McCann, Tyler Motte - PK : Jonathan Marchessault
Extra Defensemen
Normal : Thomas Chabot, Connor Carrick, Jarred Tinordi - PP : Thomas Chabot - PK : Connor Carrick, Thomas Chabot
Penalty Shots
Vincent Trocheck, Jonathan Marchessault, Mark Mancari, Daniel Carr, Nick Cousins
Scratches
Dominik Kubalik (Healthy), Josh Archibald (Healthy), Chris Calhan (Healthy), Erik Condra (Torn Left MCL Injury), Mark Friedman (Healthy)
Michael Dal Colle (Healthy), Matteson Iacopelli (Healthy), Adin Hill (Healthy), Antoine Bibeau (Healthy)
Heat
5 vs 5 Forward
Center Left Wing Right Wing Time % Phy DF OF
1 Philip Varone Tanner Pearson Bryan Rust 40 1 2 2
2 Victor Rask Matthew Nieto Kevin Labanc 30 1 2 2
3 Ryan Spooner Jake DeBrusk Evgeny Svechnikov 20 1 2 2
4 Chris Brown Peter Cehlarik Barclay Goodrow 10 1 2 2
5 vs 5 Defense
Defense Defense Time % Phy DF OF
1 David Savard Esa Lindell 40 1 2 2
2 Greg Pateryn Mathieu Brodeur 30 1 2 2
3 Colby Cohen Rasmus Andersson 20 1 2 2
4 Greg Pateryn Mathieu Brodeur 10 1 2 2
PowerPlay Forward
Center Left Wing Right Wing Time % Phy DF OF
1 Philip Varone Tanner Pearson Bryan Rust 60 1 2 2
2 Victor Rask Matthew Nieto Kevin Labanc 40 1 2 2
PowerPlay Defense
Defense Defense Time % Phy DF OF
1 David Savard Esa Lindell 60 1 2 2
2 Greg Pateryn Mathieu Brodeur 40 1 2 2
Penalty Kill 4 Players Forward
Center Wing Time % Phy DF OF
1 Philip Varone Bryan Rust 60 1 2 2
2 Ryan Spooner Tanner Pearson 40 1 2 2
Penalty Kill 4 Players Defense
Defense Defense Time % Phy DF OF
1 David Savard Esa Lindell 60 1 2 2
2 Greg Pateryn Mathieu Brodeur 40 1 2 2
Penalty Kill - 3 Players Forward
Forward Time % Phy DF OF
1 Bryan Rust 60 1 2 2
2 Philip Varone 40 1 2 2
Penalty Kill - 3 Players Defense
Defense Defense Time % Phy DF OF
1 David Savard Esa Lindell 60 1 2 2
2 Greg Pateryn Mathieu Brodeur 40 1 2 2
4 vs 4 Forward
Center Wing Time % Phy DF OF
1 Philip Varone Bryan Rust 60 1 2 2
2 Victor Rask Tanner Pearson 40 1 2 2
4 vs 4 Defense
Defense Defense Time % Phy DF OF
1 David Savard Esa Lindell 60 1 2 2
2 Greg Pateryn Mathieu Brodeur 40 1 2 2
Last Minutes Offensive
Center Left Wing Right Wing Defense Defense
Philip Varone Tanner Pearson Bryan Rust David Savard Esa Lindell
Last Minutes Defensive
Center Left Wing Right Wing Defense Defense
Philip Varone Tanner Pearson Bryan Rust David Savard Esa Lindell
Goaltenders
Starting : Michael Hutchinson
Backup : Antti Raanta
Extra Forwards
Normal : Tyler Shattock, Matthew Nieto, Jake DeBrusk - PP : Tyler Shattock, Matthew Nieto - PK : Jake DeBrusk
Extra Defensemen
Normal : Mathieu Brodeur, Colby Cohen, Rasmus Andersson - PP : Rasmus Andersson - PK : Mathieu Brodeur, Colby Cohen
Penalty Shots
Tanner Pearson, Bryan Rust, Philip Varone, Matthew Nieto, Jake DeBrusk
Scratches
Frank Corrado (Healthy), Christian Jaros (Healthy), Trevor Carrick (Healthy), Petteri Lindbohm (Healthy), Alexander True (Healthy)
Eric Karlsson (Healthy), John Gilmour (Healthy), Ryan Donato (Healthy), Vladislav Kamenev (Healthy), Dominik Masin (Healthy)
Brandon Hickey (Healthy), Nathan Lieuwen (Healthy), Vitek Vanecek (Healthy)
% Time on Ice - Eagles
Lines # - Real PCT - Wanted PCT - Time Play
Normal Forward
1 - 33% - 40% - 13:29
2 - 24% - 30% - 9:39
3 - 23% - 20% - 9:30
4 - 20% - 10% - 8:15
Normal Defense
1 - 37% - 35% - 14:57
2 - 31% - 30% - 12:37
3 - 24% - 25% - 9:48
4 - 9% - 10% - 3:31
PP Forward
1 - 56% - 60% - 6:42
2 - 44% - 40% - 5:17
PP Defense
1 - 52% - 60% - 6:16
2 - 48% - 40% - 5:43
PK Forward
1 - 81% - 60% - 4:50
2 - 19% - 40% - 1:09
PK Defense
1 - 62% - 60% - 3:42
2 - 38% - 40% - 2:17
PK3 Forward
1 - 0% - 60%
2 - 0% - 40%
PK3 Defense
1 - 0% - 60%
2 - 0% - 40%
44 Forward
1 - 0% - 60%
2 - 0% - 40%
44 Defense
1 - 0% - 60%
2 - 0% - 40%
Last Minute Offensive - 1:09
Last Minute Defensive - 0:00
Total
Forward - 60:00
Defense - 60:00
|
% Time on Ice - Heat
Lines # - Real PCT - Wanted PCT - Time Play
Normal Forward
1 - 32% - 40% - 13:09
2 - 34% - 30% - 13:45
3 - 18% - 20% - 7:25
4 - 16% - 10% - 6:35
Normal Defense
1 - 39% - 40% - 16:01
2 - 29% - 30% - 11:50
3 - 28% - 20% - 11:36
4 - 4% - 10% - 1:27
PP Forward
1 - 54% - 60% - 3:15
2 - 46% - 40% - 2:44
PP Defense
1 - 88% - 60% - 5:17
2 - 12% - 40% - 0:42
PK Forward
1 - 74% - 60% - 8:50
2 - 26% - 40% - 3:09
PK Defense
1 - 59% - 60% - 7:04
2 - 41% - 40% - 4:55
PK3 Forward
1 - 0% - 60%
2 - 0% - 40%
PK3 Defense
1 - 0% - 60%
2 - 0% - 40%
44 Forward
1 - 0% - 60%
2 - 0% - 40%
44 Defense
1 - 0% - 60%
2 - 0% - 40%
Last Minute Offensive - 0:00
Last Minute Defensive - 1:08
Total
Forward - 60:00
Defense - 60:00
|
Play-by-Play
1st period
0:01 of 1st period - Philip Varone wins face-off versus Vincent Trocheck in neutral zone.
0:30 of 1st period - Minor Penalty to Nick Cousins for Interference.
0:31 of 1st period - Philip Varone wins face-off versus Vincent Trocheck in Eagles zone.
0:33 of 1st period - Snap shot by Tanner Pearson.
0:33 of 1st period - Goal by Tanner Pearson - Eagles : 0 - Heat : 1.
0:34 of 1st period - Ryan Spooner wins face-off versus Drake Caggiula in neutral zone.
1:44 of 1st period - Icing by Zach Aston-Reese.
1:45 of 1st period - Chris Brown wins face-off versus Zach Aston-Reese in Eagles zone.
1:50 of 1st period - Snap shot by Chris Brown.
1:50 of 1st period - Stopped by Marek Mazanek with a rebound.
2:00 of 1st period - Snap shot by Zach Aston-Reese.
2:00 of 1st period - Shot Blocked by David Savard.
2:38 of 1st period - Wrist shot by Tanner Pearson.
2:38 of 1st period - Shot Misses the Net.
2:50 of 1st period - Snap shot by Tanner Pearson.
2:50 of 1st period - Shot Misses the Net.
2:52 of 1st period - Slapshot by Esa Lindell.
2:52 of 1st period - Deflect By Evgeny Svechnikov.
2:52 of 1st period - Shot Blocked by Jarred Tinordi.
2:52 of 1st period - Puck is out of play.
2:53 of 1st period - Drake Caggiula wins face-off versus Ryan Spooner in Eagles zone.
2:53 of 1st period - Drake Caggiula is hit by Greg Pateryn.
2:56 of 1st period - Anthony Duclair is hit by Greg Pateryn and loses puck.
2:58 of 1st period - Minor Penalty to Jake DeBrusk for Hooking.
2:59 of 1st period - Philip Varone wins face-off versus Vincent Trocheck in Heat zone.
3:26 of 1st period - Tanner Pearson is hit by Jonathan Marchessault and loses puck.
4:58 of 1st period - Penalty to Jake DeBrusk is over, Jake DeBrusk is back on ice.
5:31 of 1st period - Zach Aston-Reese is hit by Colby Cohen and loses puck.
6:12 of 1st period - Snap shot by Jonathan Marchessault.
6:12 of 1st period - Stopped by Michael Hutchinson with a rebound.
6:37 of 1st period - Snap shot by Ryan Spooner.
6:37 of 1st period - Stopped by Marek Mazanek with a rebound.
7:16 of 1st period - Minor Penalty to Anthony Duclair for Holding.
7:17 of 1st period - Philip Varone wins face-off versus Vincent Trocheck in Eagles zone.
8:21 of 1st period - David Savard is hit by Ryan Murphy.
9:14 of 1st period - Slapshot by Esa Lindell.
9:14 of 1st period - Goal by Esa Lindell - Eagles : 0 - Heat : 2.
9:15 of 1st period - Philip Varone wins face-off versus Vincent Trocheck in neutral zone.
9:44 of 1st period - Snap shot by Jonathan Marchessault.
9:44 of 1st period - Shot Misses the Net.
9:46 of 1st period - Slapshot by Jarred Tinordi.
9:46 of 1st period - Shot Misses the Net.
9:48 of 1st period - Snap shot by Joseph Blandisi.
9:48 of 1st period - Stopped by Michael Hutchinson with a rebound.
9:50 of 1st period - Snap shot by Joseph Blandisi.
9:50 of 1st period - Shot Blocked by Ryan Spooner.
10:03 of 1st period - Minor Penalty to Chris Brown for Interference.
10:04 of 1st period - Vincent Trocheck wins face-off versus Philip Varone in Heat zone.
10:08 of 1st period - Snap shot by Vincent Trocheck.
10:08 of 1st period - Goal by Vincent Trocheck - Eagles : 1 - Heat : 2.
10:09 of 1st period - Philip Varone wins face-off versus Vincent Trocheck in neutral zone.
10:35 of 1st period - Backhand shot by Ryan Spooner.
10:35 of 1st period - Shot Misses the Net.
10:37 of 1st period - Slapshot by Mathieu Brodeur.
10:37 of 1st period - Stopped by Marek Mazanek with a rebound.
10:45 of 1st period - Slapshot by Ryan Spooner.
10:45 of 1st period - Stopped by Marek Mazanek without a rebound.
10:46 of 1st period - Jonathan Marchessault wins face-off versus Victor Rask in Eagles zone.
10:46 of 1st period - Jonathan Marchessault is hit by David Savard.
10:49 of 1st period - Minor Penalty to Jonathan Marchessault for Hooking.
10:50 of 1st period - Vincent Trocheck wins face-off versus Philip Varone in Eagles zone.
11:12 of 1st period - Philip Varone is hit by Joel Edmundson and loses puck.
11:45 of 1st period - Slapshot by Tanner Pearson.
11:45 of 1st period - Stopped by Marek Mazanek without a rebound.
11:46 of 1st period - Victor Rask wins face-off versus Drake Caggiula in Eagles zone.
12:49 of 1st period - Penalty to Jonathan Marchessault is over, Jonathan Marchessault is back on ice.
13:19 of 1st period - Slapshot by Ryan Murphy.
13:19 of 1st period - Deflect By Jared McCann.
13:19 of 1st period - Stopped by Michael Hutchinson without a rebound.
13:20 of 1st period - Ryan Spooner wins face-off versus Zach Aston-Reese in Heat zone.
13:20 of 1st period - Ryan Spooner is hit by Zach Aston-Reese.
13:34 of 1st period - Slapshot by Zach Aston-Reese.
13:34 of 1st period - Stopped by Michael Hutchinson without a rebound.
13:35 of 1st period - Victor Rask wins face-off versus Anthony Duclair in Heat zone.
13:42 of 1st period - Snap shot by Matthew Nieto.
13:42 of 1st period - Shot Misses the Net.
13:44 of 1st period - Snap shot by David Savard.
13:44 of 1st period - Shot Blocked by Thomas Chabot.
13:46 of 1st period - Snap shot by Matthew Nieto.
13:46 of 1st period - Shot Misses the Net.
13:50 of 1st period - Wrist shot by Kevin Labanc.
13:50 of 1st period - Stopped by Marek Mazanek with a rebound.
14:00 of 1st period - Philip Varone is hit by Jared McCann and loses puck.
14:31 of 1st period - Snap shot by Jake DeBrusk.
14:31 of 1st period - Shot Misses the Net.
14:33 of 1st period - Slapshot by Esa Lindell.
14:33 of 1st period - Shot Hit the Post.
14:47 of 1st period - Jonathan Marchessault is hit by Barclay Goodrow and loses puck.
15:08 of 1st period - Slapshot by Jarred Tinordi.
15:08 of 1st period - Stopped by Michael Hutchinson without a rebound.
15:09 of 1st period - Victor Rask wins face-off versus Drake Caggiula in Heat zone.
15:09 of 1st period - Victor Rask is hit by Dmitrij Jaskin.
15:31 of 1st period - Snap shot by Dmitrij Jaskin.
15:31 of 1st period - Shot Misses the Net.
15:33 of 1st period - Slapshot by Connor Carrick.
15:33 of 1st period - Stopped by Michael Hutchinson without a rebound.
15:34 of 1st period - Philip Varone wins face-off versus Vincent Trocheck in Heat zone.
15:34 of 1st period - Philip Varone is hit by Daniel Carr.
16:27 of 1st period - Esa Lindell is hit by Drake Caggiula and loses puck.
16:54 of 1st period - Ryan Murphy is hit by Barclay Goodrow and loses puck.
18:17 of 1st period - Slapshot by Jarred Tinordi.
18:17 of 1st period - Stopped by Michael Hutchinson with a rebound.
18:19 of 1st period - Snap shot by Jarred Tinordi.
18:19 of 1st period - Stopped by Michael Hutchinson with a rebound.
18:57 of 1st period - Slapshot by Joel Edmundson.
18:57 of 1st period - Deflect By Kevin Labanc.
18:57 of 1st period - Stopped by Michael Hutchinson without a rebound.
18:58 of 1st period - Vincent Trocheck wins face-off versus Tanner Pearson in Heat zone.
19:01 of 1st period - Slapshot by Vincent Trocheck.
19:01 of 1st period - Shot Blocked by Esa Lindell.
19:03 of 1st period - Snap shot by Vincent Trocheck.
19:03 of 1st period - Shot Blocked by Esa Lindell.
19:11 of 1st period - Slapshot by Vincent Trocheck.
19:11 of 1st period - Deflect By Daniel Carr.
19:11 of 1st period - Stopped by Michael Hutchinson without a rebound.
19:12 of 1st period - Philip Varone wins face-off versus Mark Mancari in Heat zone.
19:33 of 1st period - Minor Penalty to Bryan Rust for High sticking.
19:34 of 1st period - Vincent Trocheck wins face-off versus Philip Varone in Heat zone.
19:37 of 1st period - Slapshot by Vincent Trocheck.
19:37 of 1st period - Shot Misses the Net.
Goals for this period are 1 for Eagles vs 2 for Heat.
Shots for this period are 11 for Eagles vs 8 for Heat.
2nd period
0:01 of 2nd period - Vincent Trocheck wins face-off versus Philip Varone in neutral zone.
0:04 of 2nd period - Slapshot by Thomas Chabot.
0:04 of 2nd period - Stopped by Michael Hutchinson with a rebound.
0:06 of 2nd period - Snap shot by Daniel Carr.
0:06 of 2nd period - Deflect By Mark Mancari.
0:06 of 2nd period - Shot Misses the Net.
0:06 of 2nd period - Puck is out of play.
0:07 of 2nd period - Philip Varone wins face-off versus Vincent Trocheck in Heat zone.
0:32 of 2nd period - Nick Cousins is hit by Jake DeBrusk and loses puck.
0:44 of 2nd period - Off-side.
0:45 of 2nd period - Chris Brown wins face-off versus Vincent Trocheck in neutral zone.
1:12 of 2nd period - Mathieu Brodeur is hit by Joseph Blandisi.
1:33 of 2nd period - Penalty to Bryan Rust is over, Bryan Rust is back on ice.
2:05 of 2nd period - Snap shot by Chris Brown.
2:05 of 2nd period - Stopped by Marek Mazanek with a rebound.
3:12 of 2nd period - Snap shot by Vincent Trocheck.
3:12 of 2nd period - Stopped by Michael Hutchinson with a rebound.
3:14 of 2nd period - Wrist shot by Vincent Trocheck.
3:14 of 2nd period - Shot Misses the Net.
3:16 of 2nd period - Slapshot by Jarred Tinordi.
3:16 of 2nd period - Stopped by Michael Hutchinson with a rebound.
4:05 of 2nd period - Matthew Nieto is hit by Tyler Motte and loses puck.
4:34 of 2nd period - Backhand shot by Bryan Rust.
4:34 of 2nd period - Shot Misses the Net.
4:36 of 2nd period - Slapshot by Bryan Rust.
4:36 of 2nd period - Stopped by Marek Mazanek with a rebound.
5:19 of 2nd period - Snap shot by Ryan Spooner.
5:19 of 2nd period - Stopped by Marek Mazanek with a rebound.
6:09 of 2nd period - Minor Penalty to Bryan Rust for Goalie Interference.
6:10 of 2nd period - Philip Varone wins face-off versus Jonathan Marchessault in Heat zone.
6:14 of 2nd period - Off-side.
6:15 of 2nd period - Jonathan Marchessault wins face-off versus Philip Varone in neutral zone.
6:18 of 2nd period - Slapshot by Thomas Chabot.
6:18 of 2nd period - Stopped by Michael Hutchinson with a rebound.
6:20 of 2nd period - Wrist shot by Nick Cousins.
6:20 of 2nd period - Deflect By Joseph Blandisi.
6:20 of 2nd period - Stopped by Michael Hutchinson without a rebound.
6:21 of 2nd period - Philip Varone wins face-off versus Vincent Trocheck in Heat zone.
6:54 of 2nd period - Wrist shot by Nick Cousins.
6:54 of 2nd period - Shot Misses the Net.
6:56 of 2nd period - Slapshot by Ryan Murphy.
6:56 of 2nd period - Shot Blocked by Esa Lindell.
7:50 of 2nd period - Jonathan Marchessault is hit by Tanner Pearson.
8:01 of 2nd period - Icing by Joseph Blandisi.
8:02 of 2nd period - Jonathan Marchessault wins face-off versus Philip Varone in Eagles zone.
8:09 of 2nd period - Penalty to Bryan Rust is over, Bryan Rust is back on ice.
8:23 of 2nd period - Slapshot by Kevin Labanc.
8:23 of 2nd period - Shot Blocked by Jarred Tinordi.
8:35 of 2nd period - Peter Cehlarik is hit by Ryan Murphy.
9:02 of 2nd period - Slapshot by Vincent Trocheck.
9:02 of 2nd period - Stopped by Michael Hutchinson with a rebound.
9:08 of 2nd period - Slapshot by Mark Mancari.
9:08 of 2nd period - Deflect By Vincent Trocheck.
9:08 of 2nd period - Goal by Vincent Trocheck - Eagles : 2 - Heat : 2.
9:09 of 2nd period - Mark Mancari wins face-off versus Philip Varone in neutral zone.
9:34 of 2nd period - Thomas Chabot is hit by Kevin Labanc.
10:00 of 2nd period - Jarred Tinordi is hit by Greg Pateryn and loses puck.
10:05 of 2nd period - Wrist shot by Jake DeBrusk.
10:05 of 2nd period - Stopped by Marek Mazanek without a rebound.
10:06 of 2nd period - Vincent Trocheck wins face-off versus Philip Varone in Eagles zone.
10:15 of 2nd period - Snap shot by Vincent Trocheck.
10:15 of 2nd period - Stopped by Michael Hutchinson without a rebound.
10:16 of 2nd period - Philip Varone wins face-off versus Daniel Carr in Heat zone.
10:16 of 2nd period - Philip Varone is hit by Vincent Trocheck.
10:40 of 2nd period - Ryan Murphy is hit by Bryan Rust and loses puck.
10:49 of 2nd period - Snap shot by Vincent Trocheck.
10:49 of 2nd period - Stopped by Michael Hutchinson with a rebound.
10:51 of 2nd period - Snap shot by Mark Mancari.
10:51 of 2nd period - Shot Blocked by David Savard.
10:53 of 2nd period - Snap shot by Thomas Chabot.
10:53 of 2nd period - Deflect By Daniel Carr.
10:53 of 2nd period - Stopped by Michael Hutchinson with a rebound.
10:55 of 2nd period - Snap shot by Mark Mancari.
10:55 of 2nd period - Stopped by Michael Hutchinson with a rebound.
10:57 of 2nd period - Slapshot by Connor Carrick.
10:57 of 2nd period - Shot Blocked by David Savard.
11:15 of 2nd period - Wrist shot by Daniel Carr.
11:15 of 2nd period - Stopped by Michael Hutchinson with a rebound.
11:17 of 2nd period - Slapshot by Joel Edmundson.
11:17 of 2nd period - Deflect By Daniel Carr.
11:17 of 2nd period - Shot Misses the Net.
11:17 of 2nd period - Puck is out of play.
11:18 of 2nd period - Joseph Blandisi wins face-off versus Victor Rask in Heat zone.
11:56 of 2nd period - Snap shot by Ryan Spooner.
11:56 of 2nd period - Stopped by Marek Mazanek with a rebound.
12:50 of 2nd period - Anthony Duclair is hit by Ryan Spooner and loses puck.
13:03 of 2nd period - Colby Cohen is hit by Mark Mancari and loses puck.
14:22 of 2nd period - Snap shot by Anthony Duclair.
14:22 of 2nd period - Stopped by Michael Hutchinson without a rebound.
14:23 of 2nd period - Joseph Blandisi wins face-off versus Philip Varone in Heat zone.
14:39 of 2nd period - Minor Penalty to Tanner Pearson for Interference.
14:40 of 2nd period - Vincent Trocheck wins face-off versus Philip Varone in Heat zone.
14:50 of 2nd period - Slapshot by Thomas Chabot.
14:50 of 2nd period - Deflect By Vincent Trocheck.
14:50 of 2nd period - Shot Blocked by David Savard.
14:50 of 2nd period - Puck is out of play.
14:51 of 2nd period - Vincent Trocheck wins face-off versus Philip Varone in Heat zone.
15:34 of 2nd period - David Savard is hit by Nick Cousins and loses puck.
16:08 of 2nd period - Mathieu Brodeur is hit by Mark Mancari and loses puck.
16:39 of 2nd period - Penalty to Tanner Pearson is over, Tanner Pearson is back on ice.
16:51 of 2nd period - Wrist shot by David Savard.
16:51 of 2nd period - Stopped by Marek Mazanek with a rebound.
16:56 of 2nd period - Icing by Joel Edmundson.
16:57 of 2nd period - Kevin Labanc wins face-off versus Drake Caggiula in Eagles zone.
16:58 of 2nd period - Slapshot by Matthew Nieto.
16:58 of 2nd period - Stopped by Marek Mazanek without a rebound.
16:59 of 2nd period - Joseph Blandisi wins face-off versus Victor Rask in Eagles zone.
17:04 of 2nd period - Snap shot by Nick Cousins.
17:04 of 2nd period - Stopped by Michael Hutchinson with a rebound.
17:06 of 2nd period - Snap shot by Joseph Blandisi.
17:06 of 2nd period - Stopped by Michael Hutchinson with a rebound.
17:08 of 2nd period - Slapshot by Ryan Murphy.
17:08 of 2nd period - Deflect By Joseph Blandisi.
17:08 of 2nd period - Goal by Joseph Blandisi - Eagles : 3 - Heat : 2.
17:09 of 2nd period - Philip Varone wins face-off versus Vincent Trocheck in neutral zone.
17:14 of 2nd period - Snap shot by Philip Varone.
17:14 of 2nd period - Shot Hit the Post.
17:16 of 2nd period - Slapshot by Esa Lindell.
17:16 of 2nd period - Deflect By Philip Varone.
17:16 of 2nd period - Stopped by Marek Mazanek without a rebound.
17:17 of 2nd period - Vincent Trocheck wins face-off versus Philip Varone in Eagles zone.
17:34 of 2nd period - Wrist shot by Esa Lindell.
17:34 of 2nd period - Shot Blocked by Mark Mancari.
17:36 of 2nd period - Slapshot by Esa Lindell.
17:36 of 2nd period - Stopped by Marek Mazanek without a rebound.
17:37 of 2nd period - Victor Rask wins face-off versus Jonathan Marchessault in Eagles zone.
17:52 of 2nd period - Snap shot by Jonathan Marchessault.
17:52 of 2nd period - Shot Misses the Net.
18:52 of 2nd period - Ryan Murphy is hit by Colby Cohen.
19:12 of 2nd period - Matthew Nieto is hit by Jarred Tinordi and loses puck.
19:37 of 2nd period - Wrist shot by Tanner Pearson.
19:37 of 2nd period - Deflect By Bryan Rust.
19:37 of 2nd period - Stopped by Marek Mazanek with a rebound.
19:39 of 2nd period - Minor Penalty to Daniel Carr for Hooking.
19:40 of 2nd period - Vincent Trocheck wins face-off versus Philip Varone in Eagles zone.
19:51 of 2nd period - Slapshot by Esa Lindell.
19:51 of 2nd period - Shot Misses the Net.
19:55 of 2nd period - Slapshot by Tanner Pearson.
19:55 of 2nd period - Stopped by Marek Mazanek without a rebound.
19:56 of 2nd period - Vincent Trocheck wins face-off versus Philip Varone in Eagles zone.
Goals for this period are 2 for Eagles vs 0 for Heat.
Shots for this period are 16 for Eagles vs 11 for Heat.
3rd period
0:01 of 3rd period - Vincent Trocheck wins face-off versus Philip Varone in neutral zone.
0:01 of 3rd period - Jonathan Marchessault is hit by David Savard and loses puck.
1:21 of 3rd period - Snap shot by Kevin Labanc.
1:21 of 3rd period - Shot Misses the Net.
1:23 of 3rd period - Slapshot by Esa Lindell.
1:23 of 3rd period - Shot Blocked by Joel Edmundson.
1:25 of 3rd period - Snap shot by Kevin Labanc.
1:25 of 3rd period - Shot Misses the Net.
1:27 of 3rd period - Snap shot by Kevin Labanc.
1:27 of 3rd period - Shot Blocked by Jarred Tinordi.
1:29 of 3rd period - Slapshot by David Savard.
1:29 of 3rd period - Stopped by Marek Mazanek without a rebound.
1:30 of 3rd period - Victor Rask wins face-off versus Vincent Trocheck in Eagles zone.
1:31 of 3rd period - Snap shot by Kevin Labanc.
1:31 of 3rd period - Stopped by Marek Mazanek without a rebound.
1:32 of 3rd period - Victor Rask wins face-off versus Vincent Trocheck in Eagles zone.
1:35 of 3rd period - Snap shot by Kevin Labanc.
1:35 of 3rd period - Shot Misses the Net.
1:37 of 3rd period - Slapshot by Mathieu Brodeur.
1:37 of 3rd period - Shot Misses the Net.
1:39 of 3rd period - Penalty to Daniel Carr is over, Daniel Carr is back on ice.
1:57 of 3rd period - Anthony Duclair is hit by Ryan Spooner and loses puck.
2:04 of 3rd period - Snap shot by Ryan Spooner.
2:04 of 3rd period - Stopped by Marek Mazanek without a rebound.
2:05 of 3rd period - Victor Rask wins face-off versus Vincent Trocheck in Eagles zone.
2:14 of 3rd period - Wrist shot by Victor Rask.
2:14 of 3rd period - Shot Misses the Net.
2:16 of 3rd period - Wrist shot by Matthew Nieto.
2:16 of 3rd period - Goal by Matthew Nieto - Eagles : 3 - Heat : 3.
2:17 of 3rd period - Bryan Rust wins face-off versus Vincent Trocheck in neutral zone.
2:20 of 3rd period - Snap shot by Philip Varone.
2:20 of 3rd period - Shot Misses the Net.
2:26 of 3rd period - Snap shot by Philip Varone.
2:26 of 3rd period - Stopped by Marek Mazanek without a rebound.
2:27 of 3rd period - Vincent Trocheck wins face-off versus Philip Varone in Eagles zone.
2:27 of 3rd period - Vincent Trocheck is hit by Bryan Rust.
2:37 of 3rd period - Snap shot by Mark Mancari.
2:37 of 3rd period - Deflect By Daniel Carr.
2:37 of 3rd period - Stopped by Michael Hutchinson without a rebound.
2:38 of 3rd period - Vincent Trocheck wins face-off versus Philip Varone in Heat zone.
2:41 of 3rd period - Wrist shot by Vincent Trocheck.
2:41 of 3rd period - Shot Misses the Net.
2:55 of 3rd period - Wrist shot by Tanner Pearson.
2:55 of 3rd period - Shot Hit the Post.
3:05 of 3rd period - Kevin Labanc is hit by Joel Edmundson and loses puck.
3:14 of 3rd period - Snap shot by Nick Cousins.
3:14 of 3rd period - Shot Misses the Net.
3:16 of 3rd period - Snap shot by Joseph Blandisi.
3:16 of 3rd period - Deflect By Nick Cousins.
3:16 of 3rd period - Stopped by Michael Hutchinson without a rebound.
3:17 of 3rd period - Vincent Trocheck wins face-off versus Philip Varone in Heat zone.
3:30 of 3rd period - Wrist shot by Mark Mancari.
3:30 of 3rd period - Shot Misses the Net.
4:04 of 3rd period - Snap shot by Peter Cehlarik.
4:04 of 3rd period - Stopped by Marek Mazanek with a rebound.
4:12 of 3rd period - Esa Lindell is hit by Drake Caggiula and loses puck.
5:13 of 3rd period - Backhand shot by Joseph Blandisi.
5:13 of 3rd period - Deflect By Jonathan Marchessault.
5:13 of 3rd period - Shot Misses the Net.
5:13 of 3rd period - Puck is out of play.
5:14 of 3rd period - Jonathan Marchessault wins face-off versus Victor Rask in Heat zone.
5:34 of 3rd period - Mathieu Brodeur is hit by Joseph Blandisi and loses puck.
5:51 of 3rd period - Slapshot by Kevin Labanc.
5:51 of 3rd period - Shot Misses the Net.
6:07 of 3rd period - Nick Cousins is hit by Mathieu Brodeur and loses puck.
6:34 of 3rd period - Snap shot by Kevin Labanc.
6:34 of 3rd period - Stopped by Marek Mazanek without a rebound.
6:35 of 3rd period - Philip Varone wins face-off versus Vincent Trocheck in Eagles zone.
7:09 of 3rd period - Slapshot by Ryan Murphy.
7:09 of 3rd period - Stopped by Michael Hutchinson without a rebound.
7:10 of 3rd period - Drake Caggiula wins face-off versus Philip Varone in Heat zone.
7:21 of 3rd period - Slapshot by Dmitrij Jaskin.
7:21 of 3rd period - Stopped by Michael Hutchinson with a rebound.
8:03 of 3rd period - Wrist shot by Peter Cehlarik.
8:03 of 3rd period - Shot Misses the Net.
8:05 of 3rd period - Snap shot by Greg Pateryn.
8:05 of 3rd period - Stopped by Marek Mazanek with a rebound.
8:07 of 3rd period - Wrist shot by Peter Cehlarik.
8:07 of 3rd period - Shot Blocked by Thomas Chabot.
8:17 of 3rd period - Slapshot by Thomas Chabot.
8:17 of 3rd period - Stopped by Michael Hutchinson with a rebound.
8:19 of 3rd period - Snap shot by Anthony Duclair.
8:19 of 3rd period - Stopped by Michael Hutchinson with a rebound.
8:35 of 3rd period - Slapshot by Ryan Spooner.
8:35 of 3rd period - Shot Misses the Net.
8:53 of 3rd period - Wrist shot by Kevin Labanc.
8:53 of 3rd period - Shot Blocked by Joseph Blandisi.
9:03 of 3rd period - Slapshot by Ryan Murphy.
9:03 of 3rd period - Stopped by Michael Hutchinson without a rebound.
9:04 of 3rd period - Drake Caggiula wins face-off versus Tanner Pearson in Heat zone.
9:05 of 3rd period - Snap shot by Dmitrij Jaskin.
9:05 of 3rd period - Stopped by Michael Hutchinson with a rebound.
9:07 of 3rd period - Minor Penalty to Colby Cohen for Hooking.
9:08 of 3rd period - Philip Varone wins face-off versus Vincent Trocheck in Heat zone.
9:25 of 3rd period - Mark Mancari is hit by Philip Varone and loses puck.
11:07 of 3rd period - Penalty to Colby Cohen is over, Colby Cohen is back on ice.
11:08 of 3rd period - Joseph Blandisi is hit by Greg Pateryn and loses puck.
11:20 of 3rd period - Icing by Greg Pateryn.
11:21 of 3rd period - Anthony Duclair wins face-off versus Chris Brown in Heat zone.
11:46 of 3rd period - Matthew Nieto is hit by Jonathan Racine and loses puck.
11:59 of 3rd period - Slapshot by Connor Carrick.
11:59 of 3rd period - Shot Misses the Net.
13:07 of 3rd period - Snap shot by Peter Cehlarik.
13:07 of 3rd period - Goal by Peter Cehlarik - Eagles : 3 - Heat : 4.
13:08 of 3rd period - Vincent Trocheck wins face-off versus Philip Varone in neutral zone.
13:35 of 3rd period - Victor Rask is hit by Joseph Blandisi.
13:45 of 3rd period - Slapshot by Nick Cousins.
13:45 of 3rd period - Deflect By Rasmus Andersson.
13:45 of 3rd period - Stopped by Michael Hutchinson without a rebound.
13:46 of 3rd period - Jonathan Marchessault wins face-off versus Philip Varone in Heat zone.
14:33 of 3rd period - Wrist shot by Esa Lindell.
14:33 of 3rd period - Shot Blocked by John Ramage.
14:35 of 3rd period - Slapshot by David Savard.
14:35 of 3rd period - Deflect By Dmitrij Jaskin.
14:35 of 3rd period - Stopped by Marek Mazanek without a rebound.
14:36 of 3rd period - Chris Brown wins face-off versus Vincent Trocheck in Eagles zone.
14:39 of 3rd period - Slapshot by Esa Lindell.
14:39 of 3rd period - Deflect By Chris Brown.
14:39 of 3rd period - Shot Misses the Net.
14:39 of 3rd period - Puck is out of play.
14:40 of 3rd period - Vincent Trocheck wins face-off versus Chris Brown in Eagles zone.
14:40 of 3rd period - Vincent Trocheck is hit by Chris Brown.
14:55 of 3rd period - Minor Penalty to Peter Cehlarik for Hooking.
14:56 of 3rd period - Philip Varone wins face-off versus Vincent Trocheck in Heat zone.
16:41 of 3rd period - Ryan Murphy is hit by Chris Brown and loses puck.
16:55 of 3rd period - Penalty to Peter Cehlarik is over, Peter Cehlarik is back on ice.
17:01 of 3rd period - Ryan Spooner is hit by Dmitrij Jaskin and loses puck.
17:44 of 3rd period - Xavier Ouellet is hit by Victor Rask and loses puck.
18:43 of 3rd period - Icing by Jake DeBrusk.
18:44 of 3rd period - Chris Brown wins face-off versus Jonathan Marchessault in Heat zone.
19:03 of 3rd period - Eagles, Marek Mazanek is pulled from the net.
Goals for this period are 0 for Eagles vs 2 for Heat.
Shots for this period are 9 for Eagles vs 10 for Heat.
Output by the SimonT Hockey Simulator (STHS) for Francois Prevost